 Dungeon Crawl Stone Soup version 0.31-a0-1165-g196b491b36 (webtiles) character file.

Game seed: 15224674924928574214

28107 Lobster4 the Markshuman (level 13, -14/95 HPs)
             Began as a Human Hunter on Dec 9, 2023.
             Was an Elder of Hepliaklqana.
             Demolished by a blink frog (16 damage)
             ... on level 1 of the Lair of Beasts.
             The game lasted 00:36:24 (13139 turns).

Lobster4 the Markshuman (Human Hunter)             Turns: 13139, Time: 00:36:25

Health: -14/95     AC:  9    Str: 12    XL:     13   Next: 70%
Magic:  17/17      EV: 18    Int: 14    God:    Hepliaklqana [****..]
Gold:   950        SH:  0    Dex: 33    Spells: 12/12 levels left

rFire   . . .        a - +8 sling of the Original Sin {drain, Dex+6}
rCold   + . .        (no shield)
rNeg    + . .        E - +0 steam dragon scales
rPois   +            i - +1 hat {SInv}
rElec   .            N - scarf {repulsion}
rCorr   .            O - +0 pair of gloves
SInv    +            w - +0 pair of boots of Makhleb's Anger {Drain Int+5 Dex+5}
Will    +++..        n - amulet of the Four Winds {rN+ Will+++ Clar}
Stlth   +++          s - ring of protection from cold
HPRegen 0.35/turn    o - ring of poison resistance
MPRegen 0.15/turn

%: repel missiles, clarity
@: hasted, very quick
A: reduced essence
a: Renounce Religion, Recall Ancestor, Ancestor Identity, Transference, Idealise


You were on level 1 of the Lair of Beasts.
You worshipped Hepliaklqana.
Hepliaklqana was greatly pleased with you.
You visited 2 branches of the dungeon, and saw 12 of its levels.
You also visited: Sewer and Bailey.

You collected 976 gold pieces.
You spent 26 gold pieces at shops.

Inventory:

Hand Weapons
 a - the +8 sling of the Original Sin (weapon) {drain, Dex+6}
   (You found it on level 8 of the Dungeon)

   Dex+6:     It affects your dexterity (+6).
 b - a +1 scimitar of electrocution
 c - a +5 long sword
 g - a +0 orcbow
 l - a +1 sling of flaming
 y - a +2 scimitar of flaming
 F - a +0 heavy shortbow
 J - a +0 shortbow
Missiles
 C - 22 poisoned darts
 M - 4 throwing nets
Armour
 h - a +1 robe of fire resistance
 i - a +1 hat of see invisible (worn)
 u - a +0 cloak
 w - the +0 pair of boots of Makhleb's Anger (worn) {Drain Int+5 Dex+5}
   (You found it on level 4 of the Dungeon)

   Int+5:     It affects your intelligence (+5).
   Dex+5:     It affects your dexterity (+5).
   Drain:     It drains your maximum health when unequipped.
 E - +0 steam dragon scales (worn)
 N - a scarf of repulsion (worn)
 O - a +0 pair of gloves (worn)
 Z - a +0 buckler
Magical Staves
 k - a staff of cold
Jewellery
 n - the amulet of the Four Winds (around neck) {rN+ Will+++ Clar}
   (You found it on level 7 of the Dungeon)

   [amulet of nothing]

   rN+:       It protects you from negative energy.
   Will+++:   It greatly increases your willpower.
   Clar:      It protects you from confusion, rage, mesmerisation and fear.
 o - a ring of poison resistance (right hand)
 p - a +5 ring of evasion
 s - a ring of protection from cold (left hand)
 t - a ring of flight
 x - a ring of magical power
 z - a ring of fire
Wands
 D - a wand of polymorph (3)
 G - a wand of charming (15)
 X - a wand of flame (11)
 Y - a wand of roots (12)
Scrolls
 d - 3 scrolls of amnesia
 e - a scroll of torment
 j - 2 scrolls of revelation
 m - 3 scrolls of noise
 r - a scroll of brand weapon
 B - a scroll of summoning
 H - 4 scrolls of teleportation
 I - a scroll of blinking
 T - 2 scrolls of enchant armour
 U - a scroll of enchant weapon {unknown}
 V - a scroll of fear
Potions
 q - 7 potions of enlightenment
 v - a potion of mutation
 A - 3 potions of attraction
 L - 4 potions of lignification
 P - a potion of might
 Q - 3 potions of heal wounds {unknown}
 R - 2 potions of curing
 W - a potion of berserk rage
Miscellaneous
 S - a phial of floods (inert)


   Skills:
 + Level 11.0 Fighting
 + Level 8.1 Long Blades
 * Level 15.4 Ranged Weapons
 + Level 5.3 Armour
 + Level 5.2 Dodging
 - Level 1.0 Stealth
 + Level 1.4 Shields
 + Level 5.6 Invocations
 - Level 3.0 Evocations


You had 12 spell levels left.
You didn't know any spells.
Your spell library contained the following spells:

 Spells                   Type           Power      Damage    Failure   Level
 Apportation              Tloc           0%         N/A       28%         1
 Magic Dart               Conj           0%         1d3       28%         1
 Jinxbite                 Hex            0%         N/A       41%         2
 Lesser Beckoning         Tloc           0%         N/A       41%         2
 Searing Ray              Conj           0%         2d4       41%         2
 Wereblood                Tmut           0%         N/A       41%         2
 Gell's Gravitas          Tloc           0%         N/A       65%         3
 Teleport Other           Tloc           0%         N/A       65%         3
 Fulminant Prism          Conj/Hex       0%         3d5       96%         4
 Manifold Assault         Tloc           0%         N/A       96%         4
 Summon Ice Beast         Ice/Summ       0%         N/A       96%         4
 Alistair's Intoxication  Tmut/Pois      0%         N/A       100%        5
 Irradiate                Conj/Tmut      0%         3d11      100%        5
 Summon Mana Viper        Hex/Summ       0%         N/A       100%        5
 Dispersal                Tloc           0%         N/A       100%        6
 Monstrous Menagerie      Summ           0%         N/A       100%        7
 Disjunction              Tloc           0%         N/A       100%        8


Dungeon Overview and Level Annotations

Branches:
Dungeon (11/15)            Temple (0/1) D:4            Lair (1/5) D:10
    Orc (0/2) D:9           Sewer (visited)          Bailey (visited)

Altars:
Ashenzari
Hepliaklqana
Makhleb
Vehumet
Wu Jian

Shops:
D:5 (   D:8 *   D:9 ?

Annotations:
D:7 4 runed translucent doors
D:8 1 runed translucent door, Barill's ghost, novice DsBe
D:10 1 runed translucent door, Beryl's ghost, journeyman MfIE
D:11 3 runed translucent doors, Urug; dialectric's ghost, journeyman MiFi


Message History

The sling bullet barely misses the blink frog.
The sling bullet misses the blink frog.
The blink frog hits you! The komodo dragon bites you.
You shoot a sling bullet. The sling bullet hits the blink frog.
You drain the blink frog.
The blink frog is almost dead.
The blink frog barely misses you.
The komodo dragon bites you but does no damage.
The blink frog misses you.
Nebetia hits the komodo dragon but does no damage.
You shoot a sling bullet. The sling bullet hits the blink frog!
You kill the blink frog!
The blink frog closely misses you. The komodo dragon bites you!!
You are too injured to fight recklessly!
You are too injured to fight recklessly!
The air fills with toxic fumes!
As you read the scroll of poison, it crumbles to dust.
The blink frog completely misses you.
Nebetia hits the komodo dragon with a +0 flail.
The komodo dragon bites you!
* * * LOW HITPOINT WARNING * * *
The blink frog attacks as it pursues you!
The blink frog hits you.
* * * LOW HITPOINT WARNING * * *
The blink frog blinks!
The blink frog is engulfed in poison gas.
The blink frog is poisoned.
The blink frog is engulfed in poison gas.
The blink frog looks even sicker.
You feel yourself speed up.
The blink frog is engulfed in poison gas.
The blink frog looks even sicker.
Nebetia hits the komodo dragon with a +0 flail!
The komodo dragon is engulfed in poison gas.
The komodo dragon is poisoned.
The komodo dragon bites you!
* * * LOW HITPOINT WARNING * * *
The blink frog is engulfed in poison gas.
The blink frog looks as sick as possible!
The blink frog hits you!
You die...

........####...##...# ##.
.§§§§§§§§§§.....##...####.
.§§§§§§§§§.....###...#P.P.
#§§§§§§§§......÷.........
#§§§§§§§§................
#§§§§§§§###....###.......
#≈#§§§§§§§§##§§..# #..###..
.≈§§§§†§§F§§§§§..# #..####.
.~§§§§§.l§@§§§§..# #...###.
.~§§§§.R§§§§§§§..###.......
###§§§.§§§§§§§§..P#........
..§§§§§§§§###§§............
..§§§§§§§§##..§............
..§§§§§§§§###....##....##..
#######P§§# #....P#....##..
##§§# #....##....##..
#..P##..........#...


You could see the friendly Nebetia the knight, a komodo dragon (poisoned, ally
target) and a blink frog (extremely poisoned).

Vanquished Creatures
  Harold (D:9)
  2 centaur warriors (D:11)
  2 boulder beetles
  Erica (D:10)
  A tengu warrior (D:11)
  A two-headed ogre (D:11)
  An ugly thing (D:10)
  3 manticores
  3 deep elf pyromancers (D:9)
  3 cane toads (Lair:1)
  2 komodo dragons (Lair:1)
  3 kobold demonologists
  Maggie (D:6)
  A tengu conjurer (D:11)
  4 trolls
  A hornet (shapeshifter) (D:11)
  3 hornets
  4 blink frogs (Lair:1)
  16 yaks
  A basilisk (D:11)
  2 vampires (D:11)
  3 wyverns
  2 wraiths
  A redback (D:11)
  2 steam dragons
  4 vampire mosquitoes (D:11)
  2 acid dragons (D:11)
  6 water moccasins
  9 orc warriors
  An ice beast (D:7)
  3 sky beasts
  An ogre (D:6)
  2 wolves (D:10)
  4 phantoms
  4 centaurs
  A kobold brigand (D:9)
  A brain worm (Sewer)
  6 bullfrogs
  4 scorpions
  A gnoll sergeant (D:8)
  2 wights (D:7)
  A killer bee (D:7)
  4 electric eels (D:10)
  4 howler monkeys
  7 hounds
  A gnoll bouda (D:7)
  3 jellies
  4 orc priests
  7 iguanas
  6 orc wizards
  3 gnolls (D:8)
  9 adders
  2 river rats (Sewer)
  3 white imps
  7 ufetubi
  A worm (Sewer)
  3 dart slugs
  34 orcs
  10 ball pythons
  15 bats
  4 endoplasms
  6 giant cockroaches
  14 goblins
  5 hobgoblins
  7 jackals
  13 kobolds
  10 quokkas
  5 frilled lizards
  5 rats
308 creatures vanquished.

Vanquished Creatures (collateral kills)
  Gastronok (D:11)
  A hydra (D:11)
  A catoblepas (Lair:1)
  A two-headed ogre (D:11)
  A manticore (D:11)
  A gargoyle (D:11)
  Jeremiah (D:7)
  A troll (D:10)
  A tengu conjurer (D:11)
  3 yaks
  A vampire mosquito (D:11)
  4 orc warriors
  2 sky beasts
  A wolf (D:9)
  A centaur (D:11)
  A bullfrog (D:8)
  2 scorpions
  A wight (D:7)
  3 killer bees (D:7)
  A hound (D:10)
  2 orc priests (D:8)
  An orc wizard (D:6)
  An adder (Sewer)
  7 orcs
  A kobold (D:9)
41 creatures vanquished.

Vanquished Creatures (others)
  A vampire (D:11)
  A sky beast (D:8)
  5 knights
  3 ancestors
10 creatures vanquished.

Grand Total: 359 creatures vanquished

Notes
Turn   | Place    | Note
-------+----------+-------------------------------------------
     0 | D:1      | Lobster4 the Human Hunter began the quest for the Orb.
     0 | D:1      | Reached XP level 1. HP: 16/16 MP: 1/1
   220 | D:1      | Reached XP level 2. HP: 22/22 MP: 2/2
   497 | D:1      | Reached skill level 1 in Armour
   497 | D:1      | Reached XP level 3. HP: 28/28 MP: 3/3
   615 | D:2      | Found a broken altar of Ashenzari.
  1054 | D:2      | Reached XP level 4. HP: 34/34 MP: 4/4
  2086 | D:3      | Reached skill level 5 in Ranged Weapons
  2303 | D:4      | Noticed a phantom
  2310 | D:4      | Reached XP level 5. HP: 37/40 MP: 5/5
  2333 | D:3      | Killed a phantom
  2461 | D:4      | Reached XP level 6. HP: 36/47 MP: 6/6
  2461 | D:4      | Found a glowing drain.
  2477 | Sewer    | Entered a sewer
  2784 | Sewer    | Reached skill level 6 in Ranged Weapons
  3228 | D:4      | Reached XP level 7. HP: 53/53 MP: 7/7
  3403 | D:4      | Found a hazy altar of Hepliaklqana.
  3408 | D:4      | Became a worshipper of Hepliaklqana the Forgotten
  3424 | D:4      | Found a staircase to the Ecumenical Temple.
  3439 | D:4      | Identified the +0 pair of boots of Makhleb's Anger {Drain
                  | Int+5 Dex+5}
  3585 | D:4      | Found a radiant altar of Vehumet.
  3702 | D:4      | Found a burning altar of Makhleb.
  3768 | D:5      | Entered Level 5 of the Dungeon
  4036 | D:5      | Reached skill level 1 in Invocations
  4149 | D:5      | Reached skill level 1 in Evocations
  4217 | D:5      | Reached skill level 7 in Ranged Weapons
  4217 | D:5      | Reached XP level 8. HP: 58/60 MP: 7/9
  4350 | D:5      | Found Mugoucys's Hydra Hut.
  4353 | D:5      | Noticed a five-headed hydra
  4843 | D:5      | Reached skill level 5 in Fighting
  4892 | D:6      | Reached * piety under Hepliaklqana
  4919 | D:6      | Reached skill level 8 in Ranged Weapons
  4919 | D:6      | Reached XP level 9. HP: 61/61 MP: 11/11
  5044 | D:6      | Noticed Maggie
  5246 | D:6      | Killed Maggie
  5247 | D:6      | Reached skill level 9 in Ranged Weapons
  5291 | D:6      | Noticed a hornet
  5303 | D:6      | Killed a hornet
  5965 | D:7      | Found a large runed translucent door.
  5965 | D:7      | Found a large runed translucent door.
  5967 | D:7      | Noticed a kobold demonologist
  6008 | D:7      | Reached skill level 10 in Ranged Weapons
  6101 | D:7      | Reached skill level 1 in Long Blades
  6204 | D:7      | Reached XP level 10. HP: 69/69 MP: 12/12
  6231 | D:7      | Found a large runed translucent door.
  6231 | D:7      | Found a large runed translucent door.
  6507 | D:7      | Noticed Jeremiah
  6521 | D:7      | Killed Jeremiah
  6712 | D:7      | Noticed a manticore
  6727 | D:7      | Killed a manticore
  6917 | D:7      | Reached ** piety under Hepliaklqana
  6918 | D:7      | Remembered your ancestor Nebetia as a knight
  6921 | D:7      | Found the amulet of the Four Winds {rN+ Will+++ Clar}
  6977 | D:7      | Noticed a boulder beetle
  7039 | D:7      | Killed a boulder beetle
  7040 | D:7      | Reached skill level 5 in Armour
  7185 | D:7      | Identified the +8 lajatang of the Unkillable {freeze,
                  | Int+4}
  7437 | D:8      | Reached skill level 11 in Ranged Weapons
  7531 | D:8      | Found a flagged portal.
  7538 | Bailey   | Entered a bailey
  7792 | Bailey   | Reached XP level 11. HP: 75/75 MP: 14/14
  7795 | Bailey   | Reached skill level 5 in Invocations
  8000 | Bailey   | Identified the +5 pair of boots "Hanum" {Rampage}
  8282 | D:8      | Found Buggesm's Sacrilege Store.
  8290 | D:8      | Identified the +8 sling of the Original Sin {drain, Dex+6}
  8425 | D:8      | Found a runed translucent door.
  8425 | D:8      | Noticed Barill's ghost (novice DsBe)
  9089 | D:9      | Found a staircase to the Orcish Mines.
  9139 | D:9      | Noticed Harold
  9146 | D:9      | Killed Harold
  9147 | D:9      | Reached skill level 5 in Long Blades
  9147 | D:9      | Reached skill level 12 in Ranged Weapons
  9170 | D:9      | Reached *** piety under Hepliaklqana
  9305 | D:9      | Found Bonaise's Magic Scroll Shop.
  9348 | D:9      | Bought a scroll of identify for 26 gold pieces
  9638 | D:9      | Noticed a deep elf pyromancer
  9663 | D:9      | Killed a deep elf pyromancer
  9685 | D:9      | Noticed a deep elf pyromancer
  9693 | D:9      | Killed a deep elf pyromancer
  9706 | D:9      | Noticed a deep elf pyromancer
  9711 | D:9      | Killed a deep elf pyromancer
  9987 | D:10     | Entered Level 10 of the Dungeon
 10041 | D:10     | Reached skill level 13 in Ranged Weapons
 10059 | D:9      | Reached XP level 12. HP: 82/85 MP: 11/15
 10304 | D:10     | Found a runed translucent door.
 10310 | D:10     | Noticed Beryl's ghost (journeyman MfIE)
 10408 | D:10     | Found a staircase to the Lair.
 10473 | D:10     | Noticed Erica
 10479 | D:10     | Killed Erica
 10663 | D:10     | Identified the +1 trident of Qubooron {protect, MP+9}
 10814 | D:11     | Noticed a centaur warrior
 10819 | D:11     | Reached skill level 5 in Dodging
 10822 | D:11     | Killed a centaur warrior
 10938 | D:11     | Reached **** piety under Hepliaklqana
 10980 | D:11     | Noticed a two-headed ogre
 10980 | D:11     | Noticed Gastronok
 10998 | D:11     | Killed a two-headed ogre
 11118 | D:11     | Noticed Urug
 11130 | D:11     | Noticed a centaur warrior
 11136 | D:11     | Killed a centaur warrior
 11137 | D:11     | Reached skill level 14 in Ranged Weapons
 11310 | D:11     | Noticed a two-headed ogre
 11317 | D:11     | Reached skill level 10 in Fighting
 11322 | D:11     | Noticed a four-headed hydra
 11332 | D:11     | Killed a four-headed hydra
 11455 | D:11     | Noticed a boulder beetle
 11466 | D:11     | Noticed a tengu warrior
 11506 | D:11     | Reached XP level 13. HP: 92/92 MP: 16/16
 11764 | D:11     | Killed Gastronok
 11765 | D:11     | Reached skill level 15 in Ranged Weapons
 12261 | D:11     | Found a runed translucent gate.
 12277 | D:11     | Found a runed translucent gate.
 12277 | D:11     | Noticed dialectric's ghost (journeyman MiFi)
 12278 | D:11     | Found a runed translucent gate.
 12279 | D:11     | Noticed a 12-headed hydra
 12452 | Lair:1   | Entered Level 1 of the Lair of Beasts
 12452 | Lair:1   | Noticed a catoblepas
 12471 | Lair:1   | Killed a catoblepas
 12750 | Lair:1   | Found an ornate altar of the Wu Jian Council.
 12856 | Lair:1   | Reached skill level 1 in Shields
 13138 | Lair:1   | HP: 1/95 [komodo dragon (12)]
 13139 | Lair:1   | Demolished by a blink frog

Illustrated notes

Levels and vault maps discovered:
D:1:      elethiomel_arrival_infinity_welcomes_careful_drivers, layout_basic,
          minmay_misc_feat_enclosed
D:2:      layout_basic, basic_altar
D:3:      layout_loops_ring
D:4:      layout_rooms, marbit_many_paths, mainiacjoe_overflow_big_doors,
          minmay_temple_entry_glass, cheibrodos_sewer_entry_sluice
D:5:      minmay_spotlight, layout_loops_ring, doesnt_shop_hydraphobe
D:6:      layout_rooms, uniq_maggie
D:7:      layout_loops_ring, nicolae_hexahallways,
          minmay_hollow_rounded_squares, uniq_jeremiah
D:8:      layout_basic, enter_bailey_3, gammafunk_ghost_grave, nicolae_evil_shop
D:9:      layout_stronghold, orc_david_3, serial_library,
          serial_library_hellmonk_semicircle, serial_library_hellmonk_room_a,
          serial_library_hellmonk_double_dead_end,
          serial_library_hellmonk_octagon,
          serial_library_regret_index_small_wings,
          serial_library_hellmonk_room_a, kennysheep_windowed_goal, uniq_harold
D:10:     layout_roguey, erik_lair_island, ebering_ghost_funeral_grove,
          uniq_erica
D:11:     minmay_the_grid_square_5x5_4x4_mashed
          [minmay_the_grid_square_5x5_checkered_sparse,
          minmay_the_grid_square_5x5_bracketed,
          minmay_the_grid_square_5x5_three_small,
          minmay_the_grid_square_5x5_spiral, minmay_the_grid_square_5x5_v,
          minmay_the_grid_square_5x5_prize_itemx,
          minmay_the_grid_square_5x5_prize_rear_guard,
          minmay_the_grid_square_5x5_empty, minmay_the_grid_square_5x5_tie,
          minmay_the_grid_square_5x5_prize_open,
          minmay_the_grid_square_5x5_prize_junk,
          minmay_the_grid_square_5x5_doubleslash,
          minmay_the_grid_square_5x5_tri_point,
          minmay_the_grid_square_5x5_longway, minmay_the_grid_square_5x5_inset,
          minmay_the_grid_square_5x5_trominoes], layout_loops_ring,
          gammafunk_ghost_hydra_chop, uniq_urug, uniq_gastronok
Lair:1:   layout_small_grid, basic_altar, chequers_serial_rivers_micro_b

Skill      XL: |  1  2  3  4  5  6  7  8  9 10 11 12 13 |
---------------+----------------------------------------+-----
Armour         | 1 2 3 4 5 |  5.3
Ranged Weapons | 5 6 7 8 10 11 13 14 15 | 15.4
Fighting       | 3 4 5 6 7 9 10 11 | 11.0
Invocations    | 1 3 4 5 |  5.6
Evocations     | 1 2 3 |  3.0
Long Blades    | 1 3 5 6 8 |  8.1
Dodging        | 3 4 5 |  5.2
Shields        | 1 |  1.4
Stealth        | |  1.0

Action                     |  1- 3 |  4- 6 |  7- 9 | 10-12 | 13-15 || total
---------------------------+-------+-------+-------+-------+-------++-------
  Melee: Scimitar          |       |       |       |       |     9 ||     9
         Punch             |       |       |       |       |     1 ||     1
   Fire: Shortbow          |    50 |       |       |       |       ||    50
         Sling             |    43 |   180 |   326 |   636 |   190 ||  1375
  Throw: Dart              |       |       |       |     8 |     6 ||    14
         Throwing net      |       |       |       |     1 |       ||     1
 Invoke: Ancestor Life: Kn |       |       |       |     1 |       ||     1
         Recall Ancestor   |       |       |       |     2 |     1 ||     3
  Evoke: Phial of floods   |       |       |       |       |     1 ||     1
    Use: Scroll            |     1 |     7 |     7 |     6 |     6 ||    27
         Potion            |       |     2 |       |     1 |     2 ||     5
   Stab: Petrified         |       |       |       |       |     3 ||     3
 Armour: Leather armour    |    36 |     4 |       |       |       ||    40
         Ring mail         |       |    69 |   101 |       |       ||   170
         Skin              |       |    17 |       |       |       ||    17
         Steam dragon scal |       |       |     5 |    79 |    26 ||   110
  Dodge: Dodged            |    42 |    58 |    58 |   108 |    26 ||   292
         Repelled          |       |       |       |     2 |       ||     2

Table legend: (Time is in decaauts)
 A = Elapsed time spent in this place.
 B = Non-inter-level travel time spent in this place.
 C = Inter-level travel time spent in this place.
 D = Time resting spent in this place.
 E = Time spent auto-exploring this place.
 F = Levels seen in this place.
 G = Mean time per level.
                   A        B        C        D        E       F      G
               +--------+--------+--------+--------+--------+-----+--------+
         Total |  13245 |  12643 |    602 |   1512 |   8548 |  14 |  946.1 |
       Dungeon |  11098 |  10497 |    601 |   1013 |   7345 |  11 | 1008.9 |
          Lair |    661 |    661 |      0 |    234 |    324 |   1 |  661.0 |
         Sewer |    953 |    953 |      0 |    139 |    628 |   1 |  953.0 |
        Bailey |    532 |    532 |      0 |    126 |    251 |   1 |  532.0 |
               +--------+--------+--------+--------+--------+-----+--------+

Top non-repeatable levels by time:
    D:11: 1522 daAuts
     D:7: 1475 daAuts
     D:9: 1244 daAuts
     D:5: 1241 daAuts
     D:1: 997 daAuts
   Sewer: 953 daAuts
     D:6: 902 daAuts
     D:8: 847 daAuts
     D:3: 804 daAuts
    D:10: 795 daAuts
  Lair:1: 661 daAuts
     D:2: 647 daAuts
     D:4: 619 daAuts
  Bailey: 532 daAuts
